 Seeded DCSS version 0.24.0-41-g2ae2f7f1be (console) character file.

Game seed: 93891015573, levelgen mode: deterministic

1100 Kagalorn the Thrower (level 8, -4/56 HPs)
             Began as a Human Hunter on Dec 11, 2019.
             Was an Initiate of Cheibriados.
             Slain by an orc priest
             ... wielding a +0 hand axe
              (5 damage)
             ... on level 5 of the Dungeon.
             The game lasted 00:13:19 (5691 turns).

Kagalorn the Thrower (Human Hunter)                 Turns: 5691, Time: 00:13:20

Health: -4/56      AC:  7    Str: 14    XL:     8   Next: 58%
Magic:  8/8        EV: 10    Int: 15    God:    Cheibriados [......]
Gold:   220        SH:  0    Dex: 16    Spells: 7/7 levels left

rFire    + . .     SeeInvis +   a - +0 war axe
rCold    . . .     Gourm    .   (no shield)
rNeg     . . .     Faith    .   E - +0 scale mail
rPois    .         Spirit   .   o - +0 helmet
rElec    .         Reflect  .   (no cloak)
rCorr    .         Harm     .   (no gloves)
MR       .....                  (no boots)
Stlth    ..........             (no amulet)
HPRegen  0.18/turn              v - ring of Wielij {rF+ SInv}
MPRegen  0.11/turn              z - +2 ring of dexterity

@: flying, very slow
A: no striking features
a: Bend Time, Renounce Religion


You were on level 5 of the Dungeon.
You worshipped Cheibriados.
Cheibriados was noncommittal.
You were not hungry.

You visited 2 branches of the dungeon, and saw 6 of its levels.

You collected 220 gold pieces.

Inventory:

Hand Weapons
 a - a +0 war axe (weapon)
 b - a +0 hunting sling
Missiles
 c - 6 javelins
 d - 2 throwing nets
 h - 114 stones
 i - 34 sling bullets
 m - 12 poisoned darts (quivered)
Armour
 o - a +0 helmet (worn)
 E - a +0 scale mail (worn)
Jewellery
 v - the ring of Wielij (left hand) {rF+ SInv}
   (You found it on level 5 of the Dungeon)

   [ring of protection from fire]

   It protects you from fire.
   It lets you see invisible.
 w - an uncursed ring of ice
 z - a +2 ring of dexterity (right hand)
Wands
 y - a wand of paralysis (9)
 A - a wand of acid (9)
Scrolls
 e - a scroll of enchant armour {unknown}
 j - a scroll of random uselessness {unknown}
 k - 3 scrolls of remove curse {unknown}
 l - a scroll of fear {unknown}
 p - 2 scrolls of enchant weapon {unknown}
 q - 2 scrolls of magic mapping {unknown}
 s - 2 scrolls of amnesia {unknown}
 t - 6 scrolls of identify {unknown}
 u - 6 scrolls of teleportation {unknown}
 x - a scroll of immolation {unknown}
Potions
 g - 2 potions of haste {unknown}
 n - a potion of flight
 r - a potion of ambrosia {unknown}
 B - 2 potions of curing {unknown}
 C - a potion of magic {unknown}
 D - a potion of mutation {unknown}
 F - a potion of agility {unknown}
Comestibles
 f - 6 rations
 G - 2 chunks of flesh


   Skills:
 - Level 2.0 Fighting
 * Level 6.2 Axes
 - Level 8.2 Throwing
 - Level 2.0 Dodging
 - Level 1.0 Stealth


You had 7 spell levels left.
You didn't know any spells.
Your spell library was empty.

Dungeon Overview and Level Annotations

Branches:
Dungeon (5/15)             Temple (1/1) D:5

Altars:
Ashenzari
Cheibriados
Dithmenos
Gozag
Kikubaaqudgha
Makhleb
Okawaru
Qazlal
Ru
Trog
Uskayaw
Vehumet
Xom
Lugonu


Message History

The orc priest hits you with a +0 hand axe.
* * * LOW HITPOINT WARNING * * *
The orc barely misses you.
You barely miss the orc priest.
The orc priest is almost dead.
You hit the orc but do no damage.
The orc priest hits you but does no damage.
The orc hits you but does no damage.
You barely miss the orc priest.
The orc priest is almost dead.
You barely miss the orc.
The orc priest hits you but does no damage.
The orc barely misses you.
The orc wizard mumbles some strange words.
The orc wizard seems to speed up.
It was a potion of flight.
You feel very buoyant.
You fly up into the air.
The orc priest hits you with a +0 hand axe.
You die...

##+# . ..... ..
..... ... ......
..oo## ......
#+#..o###......
#......(.......
#oo......
#@#...... #.#
###.# #)#
#.#######.#####.#
#......>........#
#######.#.......#
###.#.#####.+
#...........#
#...#.#.###.###
.#


You could see an orc priest, an orc wizard and an orc.

Vanquished Creatures
  Pikel (D:5)
  An ogre (D:5)
  Blork the orc (D:5)
  A scorpion (D:5)
  2 crimson imps (D:5)
  A hound (D:4)
  A bullfrog skeleton (D:3)
  A killer bee zombie (D:5)
  Robin (D:2)
  7 gnolls
  5 adders
  An ooze (D:2)
  6 worms
  4 dart slugs
  17 orcs
  8 bats
  7 giant cockroaches
  11 goblins
  18 hobgoblins
  2 quokkas
  7 frilled lizards
  3 kobolds
  A leopard gecko skeleton (D:5)
  5 rats
112 creatures vanquished.

Vanquished Creatures (others)
  A giant cockroach (D:3)
1 creature vanquished.

Grand Total: 113 creatures vanquished

Notes
Turn   | Place    | Note
-------+----------+-------------------------------------------
     0 | D:1      | Kagalorn the Human Hunter began the quest for the Orb.
     0 | D:1      | Reached XP level 1. HP: 16/16 MP: 1/1
   181 | D:1      | Reached XP level 2. HP: 22/22 MP: 2/2
   695 | D:1      | Reached XP level 3. HP: 20/27 MP: 3/3
   823 | D:2      | Found a faded altar of an unknown god.
   891 | D:2      | Reached skill level 5 in Throwing
  1280 | D:2      | Noticed Robin
  1286 | D:2      | Killed Robin
  1298 | D:2      | Reached XP level 4. HP: 33/33 MP: 4/4
  1650 | D:2      | Reached skill level 6 in Throwing
  1650 | D:2      | Reached XP level 5. HP: 9/38 MP: 5/5
  2710 | D:3      | Found a radiant altar of Vehumet.
  3040 | D:3      | Found a shadowy altar of Dithmenos.
  3767 | D:3      | Reached XP level 6. HP: 38/44 MP: 6/6
  3807 | D:3      | Found an ancient bone altar of Kikubaaqudgha.
  3944 | D:3      | Found a bloodstained altar of Trog.
  4197 | D:4      | Found a hide-covered altar of Uskayaw.
  4203 | D:4      | Noticed a -2 hand axe
  4204 | D:4      | Noticed a +0 dagger
  4290 | D:4      | Reached skill level 7 in Throwing
  4299 | D:4      | Reached skill level 1 in Axes
  4706 | D:5      | Entered Level 5 of the Dungeon
  4914 | D:5      | Noticed a slave
  4915 | D:5      | Noticed Pikel
  4928 | D:5      | Noticed a slave
  4929 | D:5      | Noticed a slave
  4931 | D:5      | Noticed a slave
  4941 | D:5      | Killed Pikel
  4941 | D:5      | Reached skill level 8 in Throwing
  4941 | D:5      | Reached XP level 7. HP: 50/50 MP: 7/7
  4941 | D:5      | Reached XP level 8. HP: 56/56 MP: 8/8
  5063 | D:5      | Found a burning altar of Makhleb.
  5111 | D:5      | Reached skill level 5 in Axes
  5447 | D:5      | Found a staircase to the Ecumenical Temple.
  5456 | Temple   | Entered the Ecumenical Temple
  5506 | Temple   | Became a worshipper of Cheibriados the Contemplative
  5530 | D:5      | Got a brightly glowing bone ring
  5531 | D:5      | Identified the ring of Wielij {rF+ SInv} (You found it on
                  | level 5 of the Dungeon)
  5538 | D:5      | Noticed Blork the orc
  5546 | D:5      | Killed Blork the orc
  5688 | D:5      | HP: 1/56 [orc priest/+0 hand axe (3)]
  5691 | D:5      | Slain by an orc priest

Levels and vault maps discovered:
D:1:      minmay_arrival_four_houses, layout_loops_ring,
          hangedman_feature_mirror
D:2:      layout_loops_ring, chequers_ecumenical_altar_simple, uniq_robin
D:3:      layout_loops_corners, fiery_altar_vehumet, lemuel_round_altar,
          kiku_gazebo_garden_becter, lemuel_coloured_pillars_altar, first_ration
D:4:      layout_rooms, dancing_weapons_uskayaw, serial_forest,
          infiniplex_forest_zigzag_2, infiniplex_forest_clump_small,
          infiniplex_forest_clump_medium, infiniplex_forest_zigzag_1,
          infiniplex_forest_clump_double
D:5:      layout_basic, lemuel_crystal_altar, kennysheep_mini,
          minmay_temple_entry_mini_moons, basic_altar, uniq_blork_the_orc,
          uniq_pikel
Temple:   corrupted_temple

Skill      XL: |  1  2  3  4  5  6  7  8 |
---------------+-------------------------+-----
Throwing       | 5 6 8 |  8.2
Axes           | 4 6 |  6.2
Fighting       | |  2.0
Dodging        | |  2.0
Stealth        | |  1.0

Action                   |  1- 3 |  4- 6 |  7- 9 || total
-------------------------+-------+-------+-------++-------
Melee: Short sword       |   103 |   124 |       ||   227
       War axe           |       |    73 |    75 ||   148
 Fire: Hunting sling     |       |    80 |     7 ||    87
Throw: Dart              |     4 |    11 |     4 ||    19
 Abil: Evoke Berserk Rag |       |     1 |       ||     1
Evoke: Wand              |       |     1 |       ||     1
  Use: Potion            |       |       |     1 ||     1
 Stab: Paralysed         |       |     7 |       ||     7
  Eat: Chunk             |     1 |    12 |     3 ||    16
Armor: Leather armour    |    32 |    35 |       ||    67
       Scale mail        |       |    19 |    32 ||    51
Dodge: Dodged            |    86 |   144 |    38 ||   268
